 Dungeon Crawl Stone Soup version 0.20.0-8-g6b59dc7 (webtiles) character file.

7747 Monsterracer the Cleaver (level 11, 0/99 HPs)
             Began as a Deep Dwarf Fighter on June 1, 2017.
             Was an Elder of Makhleb.
             Slain by Snorg (3 damage)
             ... on level 10 of the Dungeon.
             The game lasted 00:29:34 (9113 turns).

Monsterracer the Cleaver (Deep Dwarf Fighter)       Turns: 9113, Time: 00:29:34

Health: 0/99       AC: 14    Str: 17    XL:     11   Next: 0%
Magic:  9/9        EV: 14    Int:  9    God:    Makhleb [****..]
Gold:   484        SH:  3    Dex: 13    Spells: 10/10 levels left

rFire    . . .     SeeInvis +   E - +1 executioner's axe (flame)
rCold    . . .     Gourm    .   (shield currently unavailable)
rNeg     . . .     Faith    .   d - +3 ring mail of Qitul {*Slow rPois MR++ SInv}
rPois    +         Spirit   .   (no helmet)
rElec    .         Reflect  +   h - +0 cloak
rCorr    +         Harm     .   J - +2 pair of gloves
MR       +++..                  (no boots)
Stlth    +.........             p - +3 amulet of reflection
Regen    0.0/turn               I - -3 ring of strength (curse)
MPRegen  0.2/turn               l - ring of resist corrosion

@: berserk cooldown, non-regenerating, slowed, drained, very slow
A: damage resistance, heal wounds, clumsy 1, sense surroundings 2, poison
resistance, no regeneration
a: Heal Wounds, Minor Destruction, Lesser Servant of Makhleb, Major Destruction,
Renounce Religion


You were on level 10 of the Dungeon.
You worshipped Makhleb.
Makhleb was greatly pleased with you.
You were not hungry.

You visited 2 branches of the dungeon, and saw 11 of its levels.
You also visited: Ossuary.

You collected 484 gold pieces.

Inventory:

Hand Weapons
 E - a +1 executioner's axe of flaming (weapon)
Armour
 d - the +3 ring mail of Qitul (worn) {*Slow rPois MR++ SInv}
   (You found it on level 5 of the Dungeon)

   It protects you from poison.
   It affects your resistance to hostile enchantments.
   It lets you see invisible.
   It may slow you when you take damage.
 h - a +0 cloak (worn)
 J - a +2 pair of gloves (worn)
Jewellery
 e - an uncursed ring of see invisible
 l - a ring of resist corrosion (right hand)
 p - a +3 amulet of reflection (around neck)
 q - a +2 ring of strength
 A - an uncursed ring of flight
 H - the ring "Menko" {Ice rPois Str+4 Int-5}
   (You found it on level 9 of the Dungeon)

   [ring of ice]

   It enhances your ice magic.
   It affects your strength (+4).
   It affects your intelligence (-5).
   It makes you vulnerable to fire.
   It protects you from cold.
   It protects you from poison.
 I - a cursed -3 ring of strength (left hand)
Wands
 r - a wand of iceblast (7/15)
 z - a wand of lightning (6/15)
Scrolls
 c - 7 scrolls of remove curse
 g - 7 scrolls of teleportation {unknown}
 i - a scroll of fear
 j - a scroll of amnesia
 k - 12 scrolls of identify
 m - 5 scrolls of recharging
 y - a scroll of fog
 F - a scroll of enchant weapon
 G - a scroll of magic mapping
Potions
 s - a potion of mutation
 t - 2 potions of might
 u - 3 potions of haste
 v - 2 potions of heal wounds
 w - 2 potions of flight
 x - 2 potions of agility
 C - a potion of invisibility
 D - a potion of curing
Comestibles
 a - 3 chunks of flesh
 b - 6 royal jellies
 f - 6 bread rations
 n - 2 meat rations
 o - 2 fruits


   Skills:
 + Level 6.8(6.6) Fighting
 * Level 12.0(11.8) Axes
 + Level 8.0(7.7) Armour
 + Level 6.6(6.4) Dodging
   Level 3.2(3.0) Shields
 + Level 8.1(7.8) Invocations


You had 10 spell levels left.
You didn't know any spells.

Dungeon Overview and Level Annotations

Branches:
Dungeon (10/15)            Temple (1/1) D:6            Lair (0/6) D:9
    Orc: D:9-12

Altars:
Ashenzari
Cheibriados
Dithmenos
Elyvilon
Fedhas
Gozag
Hepliaklqana
Kikubaaqudgha
Makhleb
Nemelex Xobeh
Okawaru
Qazlal
Ru
Sif Muna
Trog
Uskayaw
Vehumet
Xom
Yredelemnul
Zin
The Shining One

Shops:
D:9 *

Annotations:
D:10 Snorg


Innate Abilities, Weirdness & Mutations

You are resistant to damage.
You can heal yourself by infusing magical energy.
You passively map the area around you.
You do not regenerate.
You are clumsy. (Dex -2)
Your system is resistant to poisons. (rPois)


Message History

You are exhausted.
You feel as though you will be slow longer.
Snorg closely misses you. Snorg claws you but does no damage.
Snorg barely misses you. Snorg bites you!
* * * LOW HITPOINT WARNING * * *
Snorg barely misses you. Snorg closely misses you.
You closely miss Snorg.
Snorg is severely wounded.
Snorg bites you.
* * * LOW HITPOINT WARNING * * *
Snorg claws you!
* * * LOW HITPOINT WARNING * * *
Snorg claws you!
* * * LOW HITPOINT WARNING * * *
Snorg bites you. Snorg claws you.
* * * LOW HITPOINT WARNING * * *
Snorg claws you but does no damage. Snorg bites you!
* * * LOW HITPOINT WARNING * * *
Snorg claws you.
You die...

** ########################
*,, ...............>........
*, ...................###.. ,
,..................## ##. ,,
......T@..........# #. *
......###..)........## ##. ,
...... ##...........###.. , ,
, ...... #................ ,,
......#* ##................ ,
.......###.))..............
,,..........)))..............
, ,
......(........###.........
...............# #.........


You could see Snorg (berserk).

Vanquished Creatures
  A centaur warrior (D:9)
  Erica (D:9)
  An unseen horror (D:9)
  A cyclops (D:7)
  A hornet (D:9)
  A slime creature (D:9)
  2 hippogriffs (D:9)
  A wraith (Ossuary)
  A yak (D:9)
  A hungry ghost (D:4)
  2 wyverns
  A warg (D:9)
  Edmund (D:6)
  A water moccasin (D:8)
  Duvessa (D:7)
  A phantom (D:6)
  3 sky beasts
  2 ice beasts
  A black bear (D:7)
  2 orc warriors
  A centaur (D:5)
  3 ogres
  2 bullfrogs (D:7)
  A wyvern zombie (D:7)
  2 wyvern skeletons (D:6)
  Dowan (D:7)
  2 killer bees
  6 wights
  2 howler monkeys
  4 crimson imps
  A centaur zombie (D:8)
  A quasit (D:8)
  3 hounds
  3 jellies
  2 bullfrog skeletons
  A bullfrog zombie (D:7)
  2 orc priests
  Crazy Yiuf (D:7)
  10 orc wizards
  2 iguanas
  7 worker ants
  3 mummies (Ossuary)
  2 worker ant zombies
  6 adders
  2 shadow imps
  An adder zombie (D:6)
  3 adder skeletons
  2 worms
  2 dart slugs
  3 leopard geckos
  44 orcs
  12 giant cockroaches
  7 goblins
  9 hobgoblins
  9 jackals
  3 quokkas
  A ball python (D:3)
  12 bats
  4 frilled lizards
  3 gnoll zombies (Ossuary)
  7 kobolds
  3 kobold zombies (Ossuary)
  A quokka skeleton (D:5)
  7 rats
  2 fungi (D:7)
231 creatures vanquished.

Vanquished Creatures (collateral kills)
  A tengu conjurer (D:9)
  A slime creature (D:9)
  A warg (D:9)
  An orc warrior (D:9)
  An ice beast (D:9)
  A centaur (D:9)
  An orc priest (D:9)
  2 orcs (D:9)
9 creatures vanquished.

Vanquished Creatures (others)
  A shadow imp (D:5)
1 creature vanquished.

Grand Total: 241 creatures vanquished

Notes
Turn   | Place    | Note
-------+----------+-------------------------------------------
     0 | D:1      | Monsterracer the Deep Dwarf Fighter began the quest for the Orb.
     0 | D:1      | Reached XP level 1. HP: 20/20 MP: 1/1
   147 | D:1      | Reached skill level 3 in Axes
   147 | D:1      | Reached XP level 2. HP: 27/27 MP: 2/2
   544 | D:1      | Reached XP level 3. HP: 29/33 MP: 3/3
   650 | D:1      | Reached skill level 4 in Axes
   788 | D:2      | Found a sacrificial altar of Ru.
   850 | D:2      | Reached XP level 4. HP: 34/40 MP: 4/4
  1168 | D:2      | Reached skill level 5 in Axes
  1514 | D:3      | Found a basalt altar of Yredelemnul.
  2012 | D:3      | Found an opulent altar of Gozag.
  2169 | D:4      | Reached XP level 5. HP: 36/46 MP: 5/5
  2211 | D:5      | Entered Level 5 of the Dungeon
  2257 | D:5      | Found a snail-covered altar of Cheibriados.
  2257 | D:5      | Found a hide-covered altar of Uskayaw.
  2257 | D:5      | Found a stormy altar of Qazlal.
  2257 | D:5      | Found a shadowy altar of Dithmenos.
  2262 | D:5      | Reached skill level 6 in Axes
  2291 | D:6      | Found an iron altar of Okawaru.
  2303 | D:6      | Found a staircase to the Ecumenical Temple.
  2306 | D:6      | Noticed an ice beast
  2312 | Temple   | Entered the Ecumenical Temple
  2317 | Temple   | Killed an ice beast
  2317 | Temple   | Reached skill level 7 in Axes
  2317 | Temple   | Reached XP level 6. HP: 27/55 MP: 6/6
  2370 | Temple   | Became a worshipper of Makhleb the Destroyer
  2408 | D:6      | HP: 1/55 [wyvern skeleton (9)]
  2490 | D:5      | Reached skill level 1 in Invocations
  2521 | D:5      | Got a transparent ring mail
  2532 | D:5      | Identified the +3 ring mail of Qitul {*Slow rPois MR++ SInv} (You found it on level 5 of the Dungeon)
  2585 | D:4      | Reached skill level 1 in Dodging
  2607 | D:4      | Noticed a hungry ghost
  2618 | D:4      | Killed a hungry ghost
  2618 | D:4      | Reached XP level 7. HP: 45/62 MP: 7/7
  3592 | D:4      | Reached * piety under Makhleb
  3795 | D:5      | Reached skill level 8 in Axes
  4189 | D:6      | Noticed Edmund
  4202 | D:6      | Killed Edmund
  4202 | D:6      | Reached XP level 8. HP: 56/72 MP: 9/9
  4703 | D:6      | Found a radiant altar of Vehumet.
  4708 | D:6      | Reached ** piety under Makhleb
  4852 | D:5      | Found a stormy altar of Qazlal.
  5128 | D:6      | Reached skill level 5 in Armour
  5170 | D:6      | Reached skill level 9 in Axes
  5275 | D:6      | Gained mutation: You are clumsy. (Dex -2) [potion of mutation]
  5275 | D:6      | Gained mutation: Your system is resistant to poisons. (rPois) [potion of mutation]
  5294 | D:7      | Noticed Dowan
  5295 | D:7      | Noticed Duvessa
  5323 | D:7      | Killed Dowan
  5336 | D:7      | Killed Duvessa
  5534 | D:7      | Noticed a cyclops
  5552 | D:7      | Killed a cyclops
  5552 | D:7      | Gained mutation: You passively map the area around you. [Deep Dwarf growth]
  5552 | D:7      | Reached XP level 9. HP: 44/80 MP: 8/8
  5591 | D:7      | Reached skill level 5 in Invocations
  5841 | D:7      | Reached skill level 5 in Fighting
  5925 | D:7      | Reached skill level 10 in Axes
  6039 | D:7      | Found a runed door.
  6043 | D:7      | Noticed Crazy Yiuf
  6049 | D:7      | Killed Crazy Yiuf
  6243 | D:8      | Found a glowing golden altar of the Shining One.
  6254 | D:8      | Found a sand-covered staircase.
  6259 | Ossuary  | Entered an ossuary
  6283 | Ossuary  | Reached *** piety under Makhleb
  6486 | Ossuary  | Reached skill level 5 in Dodging
  6694 | D:8      | HP: 4/81 [ogre/giant club (19)]
  7564 | D:9      | Found a staircase to the Lair.
  7635 | D:9      | Noticed Erica
  7645 | D:9      | Killed Erica
  7645 | D:9      | Reached skill level 11 in Axes
  7645 | D:9      | Reached XP level 10. HP: 82/91 MP: 8/10
  7893 | D:9      | Reached **** piety under Makhleb
  8086 | D:9      | Noticed an unseen horror
  8111 | D:9      | Killed an unseen horror
  8153 | D:9      | Got a bound lapis lazuli ring
  8154 | D:9      | Identified the ring "Menko" {Ice rPois Str+4 Int-5} (You found it on level 9 of the Dungeon)
  8228 | D:9      | Noticed a centaur warrior
  8228 | D:9      | Found Aqoicaf's General Store.
  8236 | D:9      | Killed a centaur warrior
  8236 | D:9      | Reached skill level 12 in Axes
  8897 | D:10     | Entered Level 10 of the Dungeon
  9071 | D:10     | Reached XP level 11. HP: 90/99 MP: 9/9
  9078 | D:10     | Identified a scroll of acquirement
  9102 | D:10     | Noticed Snorg
  9113 | D:10     | HP: 3/99 [Snorg (4)]
  9113 | D:10     | Slain by Snorg

Skill      XL: |  1  2  3  4  5  6  7  8  9 10 |
---------------+-------------------------------+-----
Axes           | 3 4 5 7 8 9 11 12 | 12.0
Invocations    | 2 3 4 6 8 |  8.1
Fighting       | 3 4 5 6 |  6.8
Dodging        | 1 3 4 5 6 |  6.6
Armour         | 4 5 6 8 |  8.0
Shields        | |  3.2

Action                   |  1- 3 |  4- 6 |  7- 9 | 10-12 || total
-------------------------+-------+-------+-------+-------++-------
Melee: War axe           |   108 |   164 |   417 |   168 ||   857
       Executioner's axe |       |       |       |     8 ||     8
Invok: Minor Destruction |       |       |     4 |     6 ||    10
       Lesser Servant of |       |       |     1 |     1 ||     2
       Major Destruction |       |       |       |     1 ||     1
 Abil: Heal Wounds       |       |     4 |    13 |     6 ||    23
  Use: Scroll            |       |     9 |     6 |     2 ||    17
       Potion            |       |     7 |     9 |     1 ||    17
 Stab: Paralysed         |     1 |       |       |       ||     1
       Invisible         |       |       |     5 |       ||     5
  Eat: Chunk             |       |     6 |    15 |     5 ||    26
       Fruit             |       |       |     4 |       ||     4
Armor: Scale mail        |     7 |       |       |       ||     7
       Plate armour      |    60 |   132 |       |       ||   192
       Skin              |       |     3 |       |       ||     3
       Ring mail         |       |       |   138 |    61 ||   199
Dodge: Dodged            |    18 |    54 |   240 |   117 ||   429
Block: Shield            |    64 |    15 |       |       ||    79
       Other             |       |    19 |    49 |    26 ||    94
       Reflection        |       |     1 |     4 |       ||     5
